 Dungeon Crawl Stone Soup version 0.29-a0-474-gdfe5cd140f (webtiles) character file.

Game seed: 8608735834455604893

345 dolemite99 the Chopper (level 6, -2/45 HPs)
             Began as a Hill Orc Gladiator on May 24, 2022.
             Was a Believer of Hepliaklqana.
             Slain by a gnoll
             ... wielding a +0 flail
              (9 damage)
             ... on level 5 of the Dungeon.
             The game lasted 00:03:48 (3341 turns).

dolemite99 the Chopper (Hill Orc Gladiator)         Turns: 3341, Time: 00:03:48

Health: -2/45      AC:  8    Str: 19    XL:     6   Next: 58%
Magic:  6/6        EV: 10    Int:  8    God:    Hepliaklqana [**....]
Gold:   238        SH:  0    Dex: 12    Spells: 5/5 levels left

rFire   . . .      SeeInvis +   b - +2 whip (venom)
rCold   . . .      Faith    .   (no shield)
rNeg    . . .      Spirit   .   n - +0 scale mail
rPois   .          Reflect  .   c - +0 helmet
rElec   .          Harm     .   (no cloak)
rCorr   .          Rampage  .   (no gloves)
Will    .....                   i - +0 pair of boots
Stlth   ..........              (no amulet)
HPRegen 0.15/turn               k - ring of see invisible
MPRegen 0.10/turn               (no ring)

@: no status effects
A: reduced essence
a: Renounce Religion, Recall Ancestor, Ancestor Identity


You were on level 5 of the Dungeon.
You worshipped Hepliaklqana.
Hepliaklqana was pleased with you.
You visited 1 branch of the dungeon, and saw 5 of its levels.

You collected 238 gold pieces.

Inventory:

Hand Weapons
 a - a +0 war axe
 b - a +2 whip of venom (weapon)
 j - a +0 hunting sling
 q - a +0 shortbow
 x - a +0 hunting sling
Missiles
 d - 3 throwing nets (quivered)
 e - a javelin
 y - 3 datura-tipped darts
 B - 8 stones
Armour
 c - a +0 helmet (worn)
 i - a +0 pair of boots (worn)
 n - a +0 scale mail (worn)
 o - a +0 leather armour
 r - a +1 pair of gloves
Jewellery
 k - a ring of see invisible (left hand)
 w - a +6 ring of strength
 D - a ring of resist corrosion
Wands
 m - a wand of iceblast (11)
Scrolls
 l - a scroll of enchant armour
 v - 2 scrolls of teleportation
 A - a scroll of magic mapping
 C - 2 scrolls of identify {@r1}
Potions
 f - a potion of berserk rage {unknown}
 g - a potion of cancellation
 h - 3 potions of haste
 p - a potion of mutation {unknown}
 s - 3 potions of brilliance {unknown}
 t - a potion of lignification {unknown}
 u - 2 potions of curing {unknown}
 z - a potion of might {unknown}


   Skills:
 - Level 2.4 Fighting
 - Level 7.5(8.3) Axes
 + Level 4.5(6.1) Maces & Flails
 - Level 1.7 Throwing
 - Level 2.4 Dodging


You had 5 spell levels left.
You didn't know any spells.
Your spell library contained the following spells:

 Spells                   Type           Power      Damage    Failure   Level
 Necrotize                Necr           0%         1d4       80%         1
 Ensorcelled Hibernation  Hex/Ice        0%         N/A       91%         2
 Spider Form              Tmut/Pois      0%         N/A       99%         3
 Vampiric Draining        Necr           0%         2d6       99%         3
 Anguish                  Hex/Necr       0%         N/A       100%        4
 Agony                    Necr           0%         N/A       100%        5


Dungeon Overview and Level Annotations

Branches:
Dungeon (5/15)
 Temple: D:4-7

Altars:
Hepliaklqana

Shops:
D:5 [

Annotations:
D:4 exclusion: downstairs


Message History

You barely miss the gnoll.
The gnoll is lightly wounded.
The gnoll hits you but does no damage.
You hit the gnoll.
The gnoll looks even sicker.
The gnoll is moderately wounded.
Septima casts a spell at the gnoll.
The puff of frost hits the gnoll.
The gnoll dies!
The gnoll misses you.
The gnoll closely misses Septima.
The gnoll attacks as you move away! The gnoll misses you.
The gnoll closely misses you.
Something hits Septima but does no damage.
Things that are here:
a +0 club; a gnoll corpse You hit the gnoll.
The gnoll is poisoned.
The gnoll is lightly wounded.
Septima points at the gnoll and mumbles some strange words.
The stone arrow hits the gnoll.
The gnoll hits Septima with a +0 flail!
Something hits Septima!
You closely miss the gnoll.
The gnoll is heavily wounded.
Septima barely misses the gnoll.
The iguana bites Septima!
Septima is destroyed!
The gnoll closely misses you.
You hit the gnoll.
The gnoll looks as sick as possible!
The gnoll is almost dead.
You hit the gnoll.
You kill the gnoll!
The gnoll hits you with a +0 flail! The gnoll attacks as you move away!
The gnoll hits you with a +0 flail. The gnoll attacks as you move away!
The gnoll hits you with a +0 flail. The gnoll attacks as you move away!
The gnoll hits you with a +0 flail. The gnoll attacks as you move away!
The gnoll hits you with a +0 flail. The gnoll attacks as you move away!
The gnoll hits you with a +0 flail.
* * * LOW HITPOINT WARNING * * *
The gnoll attacks as you move away! The gnoll barely misses you.
The gnoll hits you with a +0 flail.
* * * LOW HITPOINT WARNING * * *
The gnoll attacks as you move away! The gnoll hits you with a +0 flail!
You die...

.......## .........
.......#########
#.....##......###########
#.....##................#
#.....#<....#########...#
#.........####### ##..#
#........##.....+ ##.#
#..##..@.##.....# #.#
#.....#g.##.....# #.#
#......#..##.....# ##.#
..........l.#...## ##..#
##....####...g.g..#####...#
##... ##...............#
##. #.....###......## #.
#....#..###.#####
#..###..###.#


You could see an iguana and 2 gnolls.

Vanquished Creatures
  A phantom (D:3)
  An orc wizard (D:4)
  A gnoll (D:5)
  2 adders (D:3)
  2 dart slugs
  5 orcs
  2 endoplasms
  3 giant cockroaches
  6 hobgoblins
  3 quokkas
  7 ball pythons
  2 bats (D:2)
  2 frilled lizards (D:2)
  2 goblins (D:3)
  8 kobolds
  5 rats
52 creatures vanquished.

Vanquished Creatures (collateral kills)
  A black bear (D:4)
  A jelly (D:4)
  A gnoll (D:5)
  3 worms
  An orc (D:3)
  2 ball pythons
  2 endoplasms (D:3)
  2 goblins
  3 hobgoblins
  3 rats (D:3)
19 creatures vanquished.

Vanquished Creatures (others)
  A battlemage (D:5)
1 creature vanquished.

Grand Total: 72 creatures vanquished

Notes
Turn   | Place    | Note
-------+----------+-------------------------------------------
     0 | D:1      | dolemite99 the Hill Orc Gladiator began the quest for the
                  | Orb.
     0 | D:1      | Reached XP level 1. HP: 18/18 MP: 1/1
   342 | D:1      | Reached XP level 2. HP: 25/25 MP: 2/2
   791 | D:2      | Reached skill level 5 in Axes
  1185 | D:2      | Reached XP level 3. HP: 28/30 MP: 3/3
  1306 | D:2      | Found a faded altar of an unknown god.
  1315 | D:2      | Prayed at the altar of an unknown god.
  1315 | D:2      | Became a worshipper of Hepliaklqana the Forgotten
  1315 | D:2      | Reached * piety under Hepliaklqana
  1663 | D:3      | Noticed a phantom
  1675 | D:3      | Killed a phantom
  1676 | D:3      | Reached skill level 7 in Axes
  1676 | D:3      | Reached XP level 4. HP: 33/33 MP: 4/4
  1866 | D:3      | Reached XP level 5. HP: 37/37 MP: 5/5
  2237 | D:3      | Reached skill level 1 in Maces & Flails
  2423 | D:3      | Reached ** piety under Hepliaklqana
  2424 | D:3      | Remembered your ancestor Septima as a battlemage
  2743 | D:4      | Noticed a black bear
  2749 | D:4      | Killed a black bear
  2750 | D:4      | Reached XP level 6. HP: 41/45 MP: 6/6
  3157 | D:5      | Entered Level 5 of the Dungeon
  3165 | D:5      | Found Rinesinem's Armour Shop.
  3341 | D:5      | Slain by a gnoll

Illustrated notes

Levels and vault maps discovered:
D:1:      dpeg_arrival_tiny_d, layout_rooms, dk_noncrumbling_3,
          nrook_mini_vaults
D:2:      layout_basic, shapermc_ecumenical_altar_venn, st_stairs_6
D:3:      kennysheep_six_static_rooms, layout_basic, grunt_ministairs_2,
          corexii_corridor_pit, corner_web_ring, kennysheep_minor_cross,
          st_stairs_2
D:4:      layout_rooms, dk_rats_in_the_wall
D:5:      layout_cave_pools, minmay_temple_entry_tees, serial_gnoll_camp,
          gnoll_camp_mini_sergeant, gnoll_camp_huts_moat, gnoll_camp_mini_house,
          gnoll_camp_mini_hut, gnoll_camp_medium_02, gnoll_camp_mini_shop,
          gammafunk_ghost_abyssal_escape

Skill      XL: |  1  2  3  4  5  6 |
---------------+-------------------+-----
Axes           | 5 7 |  7.5
Maces & Flails | 3 4 |  4.5
Fighting       | |  2.4
Throwing       | |  1.7
Dodging        | |  2.4

Action                   |  1- 3 |  4- 6 || total
-------------------------+-------+-------++-------
Melee: War axe           |    79 |    15 ||    94
       Punch             |       |     1 ||     1
       Whip              |       |    48 ||    48
Invok: Ancestor Life: Ba |       |     1 ||     1
  Use: Scroll            |     4 |     4 ||     8
Armor: Leather armour    |     9 |       ||     9
       Scale mail        |    23 |    35 ||    58
Dodge: Dodged            |    61 |    38 ||    99

Table legend: (Time is in decaauts)
 A = Elapsed time spent in this place.
 B = Non-inter-level travel time spent in this place.
 C = Inter-level travel time spent in this place.
 D = Time resting spent in this place.
 E = Time spent auto-exploring this place.
 F = Levels seen in this place.
 G = Mean time per level.
                   A        B        C        D        E       F      G
               +--------+--------+--------+--------+--------+-----+--------+
         Total |   3358 |   3255 |    103 |    531 |   2047 |   5 |  671.6 |
       Dungeon |   3358 |   3255 |    103 |    531 |   2047 |   5 |  671.6 |
               +--------+--------+--------+--------+--------+-----+--------+

Top non-repeatable levels by time:
     D:3: 1060 daAuts
     D:2: 946 daAuts
     D:1: 734 daAuts
     D:4: 447 daAuts
     D:5: 169 daAuts
